 Dungeon Crawl Stone Soup version 0.17-a0-528-gc205fd0 (webtiles) character file.

2237 BluebellGnoll the Grappler (level 9, 0/47 HPs)
             Began as a Vine Stalker Berserker on Apr 12, 2015.
             Was a High Priest of Trog.
             Slain by a wolf (2 damage)
             ... led by Grum
             ... on level 8 of the Dungeon.
             The game lasted 00:23:01 (7365 turns).

BluebellGnoll the Grappler (Vine Stalker Berserker) Turns: 7365, Time: 00:23:02

Health: 0/47       AC:  5    Str: 23    XL:     9   Next: 36%
Magic:  0/10       EV: 12    Int:  7    God:    Trog [*****.]
Gold:   258        SH:  0    Dex: 14    Spells: 0 memorised, 8 levels left

rFire  . . .     SeeInvis .       - Unarmed
rCold  . . .     Clarity  .     w - +1 leather armour {rPois}
rNeg   . . .     SustAb   .     (no shield)
rPois  +         Gourm    .     (no helmet)
rElec  .         Spirit   +     (no cloak)
rCorr  .         Warding  .     (no gloves)
rMut   .         Stasis   .     (no boots)
MR     +....                    (no amulet)
Stlth  +++.......               (no ring)
                                (no ring)

@: invisible, somewhat resistant to hostile enchantments, fairly stealthy
A: fangs 3, regeneration 2, shaggy fur 1, magic shield, antimagic bite, no
device heal 3, rot immunity
a: Burn Spellbooks, Berserk, Trog's Hand, Brothers in Arms, Renounce Religion


You were on level 8 of the Dungeon.
You worshipped Trog.
Trog was extremely pleased with you.
You were very hungry.

You visited 2 branches of the dungeon, and saw 9 of its levels.

You collected 322 gold pieces.
You spent 64 gold pieces at shops.

Inventory:

Hand weapons
 i - a +1 blowgun
Missiles
 j - 166 stones
 r - a throwing net
 y - 10 tomahawks (quivered)
 D - 34 poisoned needles
 E - 4 javelins of penetration
Armour
 t - a +0 chain mail
 w - a +1 leather armour of poison resistance (worn)
Jewellery
 e - a cursed ring of ice
Magical devices
 F - a wand of fire (9)
Scrolls
 c - 4 scrolls of remove curse
 d - a scroll of teleportation
 f - a scroll of fog
Potions
 b - a potion of mutation {unknown}
 g - a potion of poison {unknown}
 h - 2 potions of agility {unknown}
 k - 4 potions of might
 l - a potion of ambrosia {unknown}
 m - a potion of brilliance {unknown}
 v - a potion of haste {unknown}
 x - a potion of invisibility
 z - 4 potions of curing
 A - a potion of heal wounds {unknown}
Comestibles
 a - 5 bread rations
 u - 7 meat rations
 B - a beef jerky


   Skills:
 - Level 5.5 Fighting
 * Level 1.2 Throwing
 - Level 5.3 Armour
 - Level 1.5 Dodging
 - Level 5.0 Stealth
 + Level 8.5 Unarmed Combat


You had 8 spell levels left.
You didn't know any spells.

Dungeon Overview and Level Annotations

Branches:
Dungeon (8/15)             Temple (1/1) D:4
   Lair: D:8-11

Altars:
Ashenzari
Cheibriados
Elyvilon
Fedhas
Gozag
Kikubaaqudgha
Nemelex Xobeh
Okawaru
Qazlal
Ru
Sif Muna
Trog
Vehumet
Xom
Yredelemnul
Zin
The Shining One

Shops:
D:4 (

Annotations:
D:8 Grum


Innate Abilities, Weirdness & Mutations

You have razor-sharp teeth.
You heal very quickly.
You are covered in fur (AC +1).
When hurt, damage is shared between your health and your magic reserves.
Your bite disrupts and absorbs the magic of your enemies.
Potions and wands cannot restore your health.
You are immune to rotting.


Message History

The wolf bites you but does no damage. The wolf barely misses you.
The wolf bites you. The wolf bites you. The wolf bites you!
* * * LOW HITPOINT WARNING * * *
The wolf bites you but does no damage. The wolf bites you.
* * * LOW HITPOINT WARNING * * *
The wolf bites you but does no damage. The wolf bites you!
* * * LOW HITPOINT WARNING * * *
There is a stone staircase leading up here.
Drink which item? (? for menu, Esc to quit)
Okay, then.
Read which item? (? for menu, Esc to quit)
Okay, then.
Drink which item? (? for menu, Esc to quit)
It was a potion of invisibility.
You fade into invisibility!
The wolf misses you. The wolf barely misses you. The wolf misses you.
The wolf bites you.
You die...

###....###..................
########...................
..#####...................
#...##....................
##..............g..........
##...)....................
#......>............(.....
#.............hhh..........
##..............@...........
#....................)......
#..........................
#..........................
#..........................
..........................
........<................
........................
.................[.....


You could see Grum and 3 wolves.

Vanquished Creatures
  A water moccasin (D:6)
  The ghost of BluebellGnoll the Sneak, an average SpBe of Trog (D:4)
  A necrophage (D:8)
  A phantom (D:4)
  A big kobold (D:7)
  4 centaurs
  3 giant frogs (D:7)
  A jelly (D:5)
  A crimson imp (D:6)
  3 hounds
  3 orc priests
  A giant frog zombie (D:5)
  2 gnoll shamans
  3 iguanas
  6 orc wizards
  5 worker ants
  2 hound zombies
  A hound skeleton (D:7)
  A mummy (D:7)
  Robin (D:4)
  12 gnolls
  15 adders
  2 shadow imps (D:5)
  5 worms
  An adder skeleton (D:5)
  5 giant geckos
  31 orcs
  3 ball pythons
  2 bat skeletons
  A bat zombie (D:5)
  7 giant cockroaches
  16 goblins
  18 hobgoblins
  A quokka (D:4)
  13 bats
  A giant newt (D:4)
  10 jackals
  A jackal skeleton (D:4)
  15 kobolds
  12 rats
213 creatures vanquished.

Notes
Turn   | Place    | Note
--------------------------------------------------------------
     0 | D:1      | BluebellGnoll, the Vine Stalker Berserker, began the quest for the Orb.
     0 | D:1      | Reached XP level 1. HP: 11/11 MP: 2/2
    83 | D:1      | Reached skill level 1 in Stealth
   182 | D:1      | Reached XP level 2. HP: 16/16 MP: 3/3
   667 | D:1      | Reached XP level 3. HP: 16/19 MP: 4/4
   727 | D:1      | Acquired Trog's second power
  1158 | D:2      | Found a shattered altar of Ashenzari.
  1350 | D:2      | Reached skill level 4 in Unarmed Combat
  1513 | D:2      | Reached XP level 4. HP: 23/23 MP: 5/5
  1841 | D:2      | Found a snail-covered altar of Cheibriados.
  2099 | D:3      | Reached XP level 5. HP: 24/27 MP: 6/6
  2114 | D:3      | Found a sparkling altar of Nemelex Xobeh.
  2159 | D:3      | Reached skill level 5 in Unarmed Combat
  3174 | D:3      | Reached skill level 6 in Unarmed Combat
  3174 | D:3      | Gained mutation: You heal very quickly. [Vine Stalker growth]
  3174 | D:3      | Reached XP level 6. HP: 18/32 MP: 7/7
  3733 | D:4      | Found an iron altar of Okawaru.
  3772 | D:4      | Found Toeguici's Weapon Emporium.
  3781 | D:4      | Bought 16 poisoned needles for 64 gold pieces
  3798 | D:4      | Acquired Trog's third power
  3802 | D:4      | Reached XP level 7. HP: 35/35 MP: 8/8
  3846 | D:4      | Noticed BluebellGnoll's ghost (average SpBe)
  3859 | D:4      | Killed BluebellGnoll's ghost
  4038 | D:4      | Noticed Robin
  4048 | D:4      | Killed Robin
  4137 | D:4      | Found a staircase to the Ecumenical Temple.
  4148 | Temple   | Entered the Ecumenical Temple
  4538 | D:5      | Entered Level 5 of the Dungeon
  4748 | D:5      | Reached skill level 5 in Armour
  4756 | D:5      | Gained mutation: You have razor-sharp teeth. [Vine Stalker growth]
  4756 | D:5      | Reached XP level 8. HP: 20/39 MP: 9/9
  5183 | D:5      | Reached skill level 7 in Unarmed Combat
  6251 | D:7      | Reached skill level 5 in Fighting
  6392 | D:7      | Reached XP level 9. HP: 40/47 MP: 10/10
  6469 | D:7      | Reached skill level 8 in Unarmed Combat
  6472 | D:7      | Received a gift from Trog
  6625 | D:7      | Reached skill level 5 in Stealth
  6694 | D:7      | Found a glowing silver altar of Zin.
  6694 | D:7      | Found a glowing golden altar of the Shining One.
  6695 | D:7      | Found a white marble altar of Elyvilon.
  6927 | D:7      | Found a blossoming altar of Fedhas.
  6929 | D:7      | Found a stormy altar of Qazlal.
  7246 | D:8      | Reached skill level 1 in Throwing
  7344 | D:8      | Noticed Grum
  7363 | D:8      | HP: 1/47 [wolf[Grum] (8)]
  7365 | D:8      | Slain by a wolf

Action                   |  1- 3 |  4- 6 |  7- 9 || total
-------------------------+-------+-------+-------++-------
Melee: Unarmed           |   127 |   216 |   356 ||   699
Throw: Stone             |     6 |       |     4 ||    10
       Tomahawk          |       |       |     5 ||     5
Invok: Berserk           |     4 |     3 |     4 ||    11
       Trog's Hand       |       |       |     1 ||     1
  Use: Scroll            |       |       |    21 ||    21
       Potion            |       |       |     1 ||     1
 Stab: Sleeping          |     5 |     5 |     3 ||    13
  Eat: Chunk             |     4 |    12 |    15 ||    31
